 Dungeon Crawl Stone Soup version 0.31.0-12-g77e489cdc1 (webtiles) character file.

Game seed: 4704540299087989754

43 spaghetti the Trooper (level 3, 0/37 HPs)
             Began as a Naga Chaos Knight on Mar 6, 2024.
             Was a Plaything of Xom.
             Slain by a shadow imp (1 damage)
             ... summoned by Xom
             ... on level 2 of the Dungeon.
             The game lasted 00:02:34 (989 turns).

spaghetti the Trooper (Naga Chaos Knight)            Turns: 989, Time: 00:02:35

Health: 0/37       AC:  4    Str: 14    XL:     3   Next: 58%
Magic:  3/3        EV:  9    Int: 12    God:    Xom [....*.]
Gold:   130        SH:  0    Dex: 12    Spells: 2/2 levels left

rFire   . . .        a - +0 falchion (chaos)
rCold   . . .        (no shield)
rNeg    . . .        b - +2 leather armour
rPois   +            (no helmet)
rElec   .            (no cloak)
rCorr   .            (no gloves)
SInv    +            (no barding)
Will    .....        (no amulet)
Stlth   +            (no ring)
HPRegen 0.26/turn    (no ring)
MPRegen 0.08/turn

%: no passive effects
@: mighty, very slow
A: AC +1, large, see invisible, deformed body, poison resistance, slowness 2,
spit poison 1, naga tail 1
a: Spit Poison, Renounce Religion


You were on level 2 of the Dungeon.
You worshipped Xom.
You were a beloved toy of Xom.
You visited 1 branch of the dungeon, and saw 2 of its levels.

You collected 130 gold pieces.

Inventory:

Hand Weapons
 a - a +0 falchion of chaos (weapon)
Armour
 b - a +2 leather armour (worn)
Talismans
 g - a talisman of death
Scrolls
 c - a scroll of butterflies
 d - 4 scrolls of identify {unknown}
 f - a scroll of blinking {unknown}
 j - a scroll of poison {unknown}
 k - a scroll of immolation {unknown}
Potions
 e - a potion of brilliance {unknown}


   Skills:
 + Level 4.5 Fighting
 - Level 3.0 Long Blades
 - Level 1.5 Armour
 - Level 0.7 Dodging


You had 2 spell levels left.
You didn't know any spells.
Your spell library was empty.

Dungeon Overview and Level Annotations

Branches:
Dungeon (2/15)

Altars:


Innate Abilities, Weirdness & Mutations

Your serpentine skin is tough. (AC +1)
You have supernaturally acute eyesight. (SInv)
Armour fits poorly on your strangely shaped body.
Your system is resistant to poisons. (rPois)
You cover ground very slowly.
You can spit poison.
You have a snake-like lower body.


Message History

The shadow imp gestures at you. Pain shoots through your body!
The shadow imp hits you.
You emit a cloud of colourful smoke!
The adder bites you.
You closely miss the shadow imp. The adder bites you.
* * * LOW HITPOINT WARNING * * *
The shadow imp hits you.
* * * LOW HITPOINT WARNING * * *
You completely miss the shadow imp. The adder closely misses you.
The shadow imp completely misses you. The adder barely misses you.
Unknown command.
It was a potion of might.
You feel very mighty all of a sudden.
Xom is highly amused!
The shadow imp hits you but does no damage.
The adder barely misses you.
It was a potion of curing.
You feel better. The adder bites you but does no damage.
The shadow imp hits you.
You miss the adder. The adder bites you.
* * * LOW HITPOINT WARNING * * *
An adder comes into view.
The shadow imp hits you.
* * * LOW HITPOINT WARNING * * *
The adder barely misses you.
The adder hisses angrily.
You hit the adder.
The adder looks weaker.
The adder is heavily wounded.
The shadow imp hits you.
* * * LOW HITPOINT WARNING * * *
The adder barely misses you.
You completely miss the adder.
The adder is heavily wounded.
The adder bites you but does no damage. The shadow imp hits you.
* * * LOW HITPOINT WARNING * * *
Unknown command.
You slash the adder! You freeze the adder.
You kill the adder!
The shadow imp hits you.
You die... "It's not fun and games unless someone loses an eye."

### ....##### ..
........# ... ..
........# #....## #.
........# ####.....#####
....S...# #............#
........# #............#
......§§###............#
.......@§..............'
.......5§..............#
.....................).#
###....................#
#....................#
#....................#
#....)...............#
#........#####......##
#.........# #......##


You could see an adder and a shadow imp (summoned).

Vanquished Creatures
  An adder (D:2)
  A dart slug (D:1)
  A ribbon worm (D:2)
  2 ball pythons (D:2)
  5 endoplasms
  4 giant cockroaches
  2 goblins
  2 hobgoblins (D:1)
  3 kobolds
  3 quokkas
  5 bats
  5 rats
34 creatures vanquished.

Notes
Turn   | Place    | Note
-------+----------+-------------------------------------------
     0 | D:1      | spaghetti the Naga Chaos Knight began the quest for the
                  | Orb.
     0 | D:1      | Reached XP level 1. HP: 21/21 MP: 1/1
    32 | D:1      | XOM: potion effect (invisibility)
   117 | D:1      | Reached XP level 2. HP: 28/28 MP: 2/2
   164 | D:1      | XOM: divination: detect items
   231 | D:1      | XOM: silly message
   379 | D:1      | Reached skill level 4 in Fighting
   415 | D:1      | Found a faded altar of an unknown god.
   461 | D:1      | Reached XP level 3. HP: 36/36 MP: 3/3
   491 | D:1      | XOM: divination: detect creatures
   523 | D:1      | XOM: scenery: summon butterflies
   564 | D:1      | XOM: divination: detect items
   915 | D:2      | XOM: god gift: 30 gold pieces
   973 | D:2      | XOM: summons 2 hostile demons
   981 | D:2      | XOM: smoke on damage
   988 | D:2      | HP: 1/37 [shadow imp[Xom] (4)]
   989 | D:2      | Slain by a shadow imp

Illustrated notes

Levels and vault maps discovered:
D:1:      dpeg_arrival_tiny_j, layout_basic, basic_ecumenical_altar, minivault_4
D:2:      layout_basic

Skill      XL: |  1  2 |
---------------+-------+-----
Fighting       | 4 |  4.5
Long Blades    | |  3.0
Armour         | |  1.5
Dodging        | |  0.7

Action                     || total
---------------------------++-------
  Melee: Falchion          ||    78
         Punch             ||     1
Ability: Spit Poison       ||    28
    Use: Potion            ||     2
   Stab: Invisible         ||     1
 Armour: Leather armour    ||    65
  Dodge: Dodged            ||    43
